 Dungeon Crawl Stone Soup version 0.22-a0-368-g870eee8 (webtiles) character file.

1718524 Nattefrost the Orcish Ballista (level 27, 271/271 HPs)
             Began as a Hill Orc Hunter on Apr 23, 2018.
             Was a High Priest of Okawaru.
             Escaped with the Orb
             ... and 3 runes!
             The game lasted 03:05:01 (69917 turns).

Nattefrost the Orcish Ballista (Hill Orc Hunter)   Turns: 69917, Time: 03:05:02

Health: 271/271    AC: 35    Str: 24    XL:     27
Magic:  28/28      EV: 18    Int: 16    God:    Okawaru [*****.]
Gold:   3854       SH: 19    Dex: 15    Spells: 26/26 levels left

rFire    + + +     SeeInvis +   b - +4 broad axe "Dol Vinnugg" {vamp, +Fly MR+}
rCold    + + .     Gourm    .   X - +2 shield
rNeg     + + .     Faith    .   c - +9 pearl dragon scales
rPois    +         Spirit   .   k - -2 hat of the Alchemist {rElec rPois rF+ rC+ rN+ MR+ rMut rCorr}
rElec    +         Reflect  +   Z - scarf {rC+ rF+}
rCorr    +         Harm     .   q - +1 pair of gloves of Gunoen {+Inv rPois}
rMut     +                      V - +2 pair of boots {run}
MR       +++++                  p - amulet "Aseo" {Reflect rF+ Int+3 Slay+3 SH+3}
Stlth    ..........             v - ring of see invisible
HPRegen  0.55/turn              M - ring "Xaehirun" {MR+ Int+2}
MPRegen  0.21/turn

@: quick
A: iridescent scales 1, deterioration 1
0: Orb of Zot
}: 3/15 runes: decaying, serpentine, slimy
a: Heroism, Finesse, Renounce Religion, Evoke Invisibility, Evoke Flight


You escaped.
You worshipped Okawaru.
Okawaru was extremely pleased with you.
You were very full.

You visited 12 branches of the dungeon, and saw 56 of its levels.
You visited the Abyss 1 time.
You also visited: Ice Cave.

You collected 8646 gold pieces.
You spent 4792 gold pieces at shops.

Inventory:

Hand Weapons
 b - the +4 broad axe "Dol Vinnugg" (weapon) {vamp, +Fly MR+}
   (Okawaru gifted it to you on level 2 of the Lair of Beasts)

   It inflicts no extra harm, but heals its wielder when it wounds a living foe.
   It affects your resistance to hostile enchantments.
   It lets you fly.
Missiles
 d - 10 javelins of penetration
 j - 18 javelins
 C - 4 steel javelins (quivered)
 G - 5 throwing nets
 S - 49 tomahawks
 U - 26 poisoned javelins
 W - 16 silver javelins
Armour
 c - +9 pearl dragon scales (worn)
 k - the -2 hat of the Alchemist (worn) {rElec rPois rF+ rC+ rN+ MR+ rMut rCorr}
   (You found it on level 3 of the Elven Halls)

   It protects you from fire.
   It protects you from cold.
   It insulates you from electricity.
   It protects you from poison.
   It protects you from negative energy.
   It affects your resistance to hostile enchantments.
   It protects you from acid and corrosion.
   It protects you from mutation.
 q - the +1 pair of gloves of Gunoen (worn) {+Inv rPois}
   (You bought it in a shop on level 7 of the Dungeon)

   It protects you from poison.
   It lets you turn invisible.
 V - a +2 pair of boots of running (worn)
 X - a +2 shield (worn)
 Z - a scarf of resistance (worn)
Jewellery
 p - the amulet "Aseo" (around neck) {Reflect rF+ Int+3 Slay+3 SH+3}
   (You bought it in a shop on level 1 of the Depths)

   [amulet of reflection]

   It shields you and reflects attacks.
   It affects your intelligence (+3).
   It affects your accuracy and damage with ranged weapons and melee attacks
   (+3).
   It protects you from fire.
   It affects your SH (+3).
 v - a ring of see invisible (left hand)
 M - the ring "Xaehirun" (right hand) {MR+ Int+2}
   (You found it on level 5 of the Depths)

   [ring of protection from magic]

   It affects your intelligence (+2).
   It affects your resistance to hostile enchantments.
Wands
 o - a wand of acid (12)
 x - a wand of scattershot (1)
 D - a wand of iceblast (19)
 O - a wand of digging (32)
 Y - a wand of clouds (8)
Scrolls
 h - 13 scrolls of teleportation
 i - 5 scrolls of fear
 l - 8 scrolls of magic mapping
 r - a scroll of holy word
 y - 25 scrolls of remove curse
 A - 4 scrolls of blinking
 B - 6 scrolls of immolation
 F - 3 scrolls of silence
 J - 10 scrolls of fog
 L - 4 scrolls of summoning
 R - a scroll of identify
Potions
 e - 11 potions of lignification
 g - 4 potions of invisibility
 m - 22 potions of curing
 n - 5 potions of agility
 s - 9 potions of brilliance
 t - 12 potions of heal wounds
 u - 4 potions of mutation
 w - 7 potions of flight
 z - 6 potions of might
 E - 7 potions of haste
 H - 7 potions of berserk rage
 I - 3 potions of magic
 K - 7 potions of cancellation
 P - 3 potions of resistance
 Q - 2 potions of ambrosia
Miscellaneous
 T - 3 sacks of spiders
Comestibles
 f - 71 rations


   Skills:
 + Level 26.9 Fighting
 - Level 18.0 Axes
 O Level 27 Throwing
 + Level 20.6 Armour
 - Level 12.0 Dodging
 - Level 0.7 Stealth
 - Level 15.0 Shields
 - Level 7.1 Invocations
 - Level 7.0 Evocations


You had 26 spell levels left.
You didn't know any spells.

Dungeon Overview and Level Annotations

Branches:
Dungeon (15/15)            Temple (1/1) D:5            Lair (6/6) D:9
  Swamp (4/4) Lair:3        Snake (4/4) Lair:2        Slime (5/5) Lair:6
    Orc (2/2) D:9             Elf (3/3) Orc:2        Vaults (4/5) D:14
  Crypt (2/3) Vaults:2     Depths (5/5) D:15            Zot (5/5) Depths:5

Altars:
Ashenzari
Cheibriados
Dithmenos
Elyvilon
Fedhas
Hepliaklqana
Makhleb
Nemelex Xobeh
Okawaru
Qazlal
Ru
Sif Muna
Trog
Uskayaw
Vehumet
Wu Jian
Xom
Yredelemnul
Zin
The Shining One
Beogh
Jiyva
Lugonu

Shops:
D:6 }*!   D:7 [   D:11 ?   Orc:2 *!?([   Elf:2 !   Depths:1 =}=   Depths:2 [
Depths:5 (:

Portals:
Hell: Depths:1 Depths:2 Depths:3 Depths:4 Depths:5
Abyss: Depths:1 Depths:2 Depths:4 Depths:5
Pandemonium: Depths:3
Ziggurat: Depths:1
Trove: Elf:2 (give +4 storm dragon scales)

Annotations:
D:8 4 runed doors, exclusion: 4 doors
Elf:2 3 runed doors
Zot:4 2 transporters


Innate Abilities, Weirdness & Mutations

You are partially covered in iridescent scales. (AC +2)
Your body sometimes deteriorates upon taking damage.


Message History

Aiming: Dig
Press: ? - help, Shift-Dir - straight line The rock shatters into small pieces.
There is a stone staircase leading up here.
You climb upwards.
There is a stone staircase leading down here.
There is a stone staircase leading up here.
You climb upwards.
There is a stone staircase leading down, spattered with blood here.
A rust devil comes into view.
You hit the rust devil.
The rust devil is lightly wounded.
You slice the rust devil!!
The rust devil is heavily wounded.
You slice the rust devil!!
You kill the rust devil!
Okawaru accepts your kill.
There is an open door here.
There is a staircase leading out of the dungeon here.
You have escaped!

..............#####.#####.#
##.
##.##########.#...#.#...#.#
#. #.# #.#...'.#.>.#.# ##.
#.# ##.#...#.#...#.## ##..
#.# #..#####.##'##..###.#.
##.# #..............#...##.
...# #..##'##.#####....###.
#### #..#...#.#...#.#### #.
# #..#.@.#.'...#.# #. ##
#..#...#.#...#.# #. .#
#..#####.#####.# #. .#
#..............# ####. .#
#.#.#####.#.#..# #.... .#
##...### #.....## #.##. .#
########......# ###.###
#.### .# #.........###.#
#.# #.# .###.######..# #.#
#.# #.#


There were no monsters in sight!

Vanquished Creatures
  the Royal Jelly (Slime:5)
  Dissolution (Slime:3)
  4 orbs of fire
  Mennas (Depths:3)
  6 ancient liches
  2 juggernauts
  the Lernaean hydra (Swamp:4)
  Margery (Depths:1)
  Frederick (Depths:4)
  Saint Roka (Orc:2)
  Bai Suzhen (Elf:3)
  Xtahua (Vaults:4)
  A curse toe (Zot:5)
  7 Killer Klowns (Zot:5)
  A caustic shrike (Depths:5)
  The ghost of p0werm0de the Pandemonic, an adept DDFi of Makhleb (Zot:1)
  A profane servitor (Crypt:1)
  Nikola (Snake:4)
  8 golden dragons
  A pandemonium lord (Depths:2)
  4 electric golems
  13 tentacled monstrosities
  An Ice Fiend (IceCv)
  7 liches
  A deep elf blademaster (Elf:3)
  A titan (Depths:4)
  3 quicksilver dragons
  27 Orb Guardians
  A deep elf master archer (Elf:3)
  5 death cobs
  16 acid blobs
  2 sphinxes
  2 tentacled starspawn (Abyss:2)
  2 thorn hunters (Swamp:4)
  3 tengu reavers
  Frances (D:13)
  5 draconian monks
  Agnes (D:15)
  9 shadow dragons
  6 nagarajas
  12 storm dragons
  18 azure jellies
  2 revenants
  5 fire giants
  7 draconian knights
  Roxanne (Elf:3)
  12 frost giants
  Aizul (Snake:1)
  3 ghost moths
  A balrug (Depths:2)
  15 vault wardens
  9 deep elf sorcerers
  An orc warlord (Depths:5)
  An emperor scorpion (shapeshifter) (Vaults:1)
  4 iron dragons
  A draconian shifter (Zot:3)
  4 ghouls
  2 draconian scorchers
  A curse skull (Crypt:1)
  A juggernaut zombie (Crypt:2)
  A cacodemon (D:13)
  5 deep elf elementalists (Elf:3)
  4 draconian annihilators
  4 draconian stormcallers
  3 spriggan defenders
  10 ironheart preservers
  23 very ugly things
  18 stone giants
  8 deep elf demonologists
  3 entropy weavers
  Nessos (Lair:6)
  5 black draconians
  7 vampire knights
  4 yellow draconians
  9 deep elf annihilators
  9 white draconians
  7 green draconians
  9 purple draconians
  11 red draconians
  4 spark wasps
  An eidolon (Crypt:1)
  10 deep elf death magi
  10 ettins
  A quicksilver dragon zombie (Depths:4)
  6 fire dragons
  2 pearl dragon zombies (Crypt:1)
  8 death oozes (Slime:5)
  2 jiangshi (Depths:5)
  A merfolk impaler (Depths:4)
  16 great orbs of eyes
  6 deep elf high priests
  12 ogre magi
  10 yaktaur captains
  9 rakshasas
  Fannar (D:11)
  8 naga warriors
  22 hydras
  10 ice dragons
  2 hell beasts (Crypt:2)
  4 catoblepae (Lair:6)
  3 ghost crabs
  A death knight (Crypt:1)
  3 spriggan air magi
  17 vault guards
  13 centaur warriors
  A queen ant (Lair:6)
  8 anacondas
  25 two-headed ogres
  11 dancing weapons
  The ghost of TheNamelessOne the Geomancer, a journeyman OpEE of Vehumet (D:11)
  6 alligators
  8 death yaks (Lair:6)
  Urug (D:12)
  An alligator (shapeshifter) (Depths:2)
  10 deep troll shamans
  5 tengu warriors
  3 thrashing horrors (Abyss:2)
  13 deep troll earth magi
  3 hell hogs (Crypt:1)
  6 vampire magi
  25 naga sharpshooters
  5 shock serpents
  8 spriggan berserkers
  2 sun demons (Depths:2)
  An orc high priest (Elf:3)
  A wretched star (Abyss:2)
  A storm dragon zombie (Abyss:2)
  14 deep elf knights
  Sonja (D:13)
  2 soul eaters
  4 iron trolls
  11 skeletal warriors
  2 sixfirhies
  3 sea snakes (Snake:1)
  20 hell knights
  4 shadow wraiths
  An unseen horror (shapeshifter) (Depths:1)
  6 unseen horrors
  2 starcursed masses (Abyss:2)
  A golden dragon zombie (Abyss:2)
  8 glowing orange brains
  25 deep trolls
  4 flayed ghosts
  8 deep elf archers
  8 swamp dragons
  3 salamander mystics
  10 naga ritualists
  A shambling mangrove (Swamp:1)
  2 obsidian statues (Zot:5)
  3 spriggan druids
  13 ironbrand convokers
  4 wizards
  8 orc knights
  A harpy (shapeshifter) (Depths:2)
  A sphinx zombie (Depths:4)
  8 phantasmal warriors
  9 necromancers
  A cyclops (shapeshifter) (Abyss:2)
  14 mana vipers
  7 shining eyes
  3 orc sorcerers
  2 oklob plants (Lair:4)
  62 ugly things
  A wolf spider zombie (Crypt:1)
  61 deep elf magi
  3 manticores
  5 wolf spiders
  An elephant (shapeshifter) (Vaults:1)
  A worldbinder (Abyss:2)
  An iron dragon skeleton (Depths:4)
  20 moths of wrath
  8 elephants (Lair:5)
  10 cyclopes
  A fire giant skeleton (Abyss:2)
  36 black mambas
  5 salamanders
  A centaur zombie (D:12)
  Maurice (D:11)
  4 apis skeletons (Crypt:1)
  9 vault sentinels
  29 naga magi
  Joseph (Lair:1)
  A guardian serpent (shapeshifter) (Depths:5)
  3 guardian serpents
  5 eyes of devastation
  2 ice statues (IceCv)
  3 rust devils
  A storm dragon simulacrum (Depths:4)
  21 spiny frogs
  A gargoyle (D:13)
  2 orange demons
  4 centaur skeletons
  3 rime drakes (Lair:6)
  3 hellions
  A rime drake (shapeshifter) (D:15)
  An elf skeleton (Depths:4)
  3 efreet
  A golden dragon simulacrum (Crypt:1)
  A yaktaur (shapeshifter) (Depths:2)
  14 ice devils (IceCv)
  An anaconda simulacrum (IceCv)
  An ancient zyme (Abyss:2)
  A kobold demonologist (Elf:1)
  38 yaktaurs
  6 freezing wraiths
  A sea snake skeleton (Crypt:1)
  A red devil (Depths:2)
  A spark wasp simulacrum (Depths:4)
  2 guardian mummies (Crypt:1)
  A hellwing (Abyss:2)
  14 komodo dragons
  5 tengu conjurers
  A merfolk (D:10)
  A wind drake (shapeshifter) (Vaults:1)
  12 tyrant leeches
  2 jumping spiders (shapeshifter)
  4 trolls
  26 hornets
  A harpy skeleton (Crypt:1)
  A blink frog (shapeshifter) (Depths:4)
  Grinder (D:5)
  2 polar bears
  32 blink frogs
  17 bog bodies
  91 slime creatures
  2 raiju (Abyss:2)
  5 hippogriffs
  6 dream sheep (Lair:6)
  Sigmund (D:2)
  An alligator zombie (Crypt:1)
  10 flying skulls
  14 water elementals
  12 large abominations
  2 air elementals
  2 vampires
  7 wraiths
  4 shadows
  9 redbacks
  22 spriggans
  3 wyverns
  A human (D:10)
  2 basilisks (shapeshifter)
  5 basilisks
  A tarantella (Vaults:2)
  An elf zombie (Depths:4)
  55 yaks
  3 yaks (shapeshifter)
  A golden eye (shapeshifter) (Abyss:2)
  6 golden eyes (Slime:2)
  A steam dragon (D:13)
  2 hungry ghosts
  A human (shapeshifter) (Depths:3)
  4 fire elementals
  A chaos spawn (D:6)
  A neqoxec (Abyss:2)
  16 vampire mosquitoes
  6 wargs
  7 insubstantial wisps
  An emperor scorpion simulacrum (Crypt:1)
  A harpy simulacrum (IceCv)
  The ghost of VDreamerV the Insei, an amateur OpTm (D:4)
  A naga (shapeshifter) (Depths:4)
  3 acid dragons
  14 swamp worms
  5 hydra simulacra (IceCv)
  3 iron troll simulacra (IceCv)
  Duvessa (D:5)
  48 nagas
  A water moccasin (shapeshifter) (Abyss:2)
  5 floating eyes
  6 soldier ants (Lair:6)
  9 porcupines
  13 water moccasins
  3 human skeletons
  A meliai simulacrum (D:15)
  A gelid demonspawn skeleton (Crypt:1)
  3 ice beasts
  2 sky beasts
  48 orc warriors
  15 swamp drakes
  2 black bears
  26 ogres
  14 small abominations
  A dream sheep zombie (Crypt:1)
  6 eyes of draining
  7 necrophages
  7 boggarts
  2 phantoms
  21 centaurs
  31 wolves
  13 crocodiles
  4 big kobolds
  15 bullfrogs
  An earth elemental (Elf:1)
  A glowing shapeshifter simulacrum (Depths:4)
  A scorpion (D:6)
  Dowan (D:5)
  14 wights
  6 killer bees
  6 electric eels (Snake:1)
  A howler monkey (D:13)
  2 bullfrog zombies
  8 crimson imps
  A human simulacrum (Vaults:3)
  3 hounds
  3 jellies
  Crazy Yiuf (D:4)
  2 bullfrog skeletons
  A demonspawn zombie (Crypt:2)
  A quasit (D:11)
  A black bear zombie (Crypt:2)
  27 orc priests
  10 iron imps
  35 orc wizards
  5 iguanas
  30 worker ants
  Ijyb (D:5)
  A deep dwarf zombie (Crypt:1)
  A sky beast zombie (Crypt:2)
  A hound zombie (D:8)
  2 hound skeletons
  7 mummies
  A worker ant zombie (D:7)
  A howler monkey zombie (D:10)
  5 gnolls (D:7)
  23 adders
  5 shadow imps
  A white imp (Depths:2)
  An ufetubus (Abyss:2)
  An ooze (D:2)
  2 adder skeletons
  4 adder zombies
  A dart slug (D:1)
  10 leopard geckos
  A leopard gecko (shapeshifter) (Vaults:1)
  127 orcs
  5 ball pythons
  3 giant cockroaches
  8 hobgoblins
  13 jackals
  29 kobolds
  2 quokkas
  7 bats
  5 frilled lizards
  6 goblins
  A goblin skeleton (Crypt:2)
  2 kobold skeletons
  A leopard gecko zombie (D:7)
  A quokka zombie (D:4)
  6 rats
  A rat zombie (D:4)
  A crawling corpse (Elf:3)
  8 fungi
  5 plants
  4 starspawn tentacles (Abyss:2)
2541 creatures vanquished.

Vanquished Creatures (collateral kills)
  A lindwurm (Lair:5)
1 creature vanquished.

Vanquished Creatures (others)
  A draconian stormcaller (Zot:4)
  2 stone giants
  A purple draconian (Zot:2)
  A spark wasp (Depths:5)
  A yaktaur captain (Depths:5)
  A centaur warrior (Depths:4)
  2 alligators (Swamp:2)
  A spriggan berserker (Depths:2)
  An orange crystal statue (Depths:1)
  A deep elf archer (Elf:1)
  A yaktaur (Depths:2)
  3 swamp worms (Swamp:2)
  A naga (Snake:4)
  2 ogres (Vaults:2)
  A crimson imp (D:10)
  A bush (Swamp:4)
  12 fungi
  7 plants
  7 starspawn tentacles (Abyss:2)
47 creatures vanquished.

Grand Total: 2589 creatures vanquished

Notes
Turn   | Place    | Note
-------+----------+-------------------------------------------
     0 | D:1      | Nattefrost the Hill Orc Hunter began the quest for the Orb.
     0 | D:1      | Reached XP level 1. HP: 18/18 MP: 1/1
   150 | D:1      | Reached XP level 2. HP: 18/26 MP: 2/2
   203 | D:1      | Reached skill level 1 in Armour
   691 | D:1      | Reached XP level 3. HP: 28/33 MP: 3/3
  1295 | D:2      | Noticed Sigmund
  1301 | D:2      | Killed Sigmund
  1301 | D:2      | Reached XP level 4. HP: 18/40 MP: 4/4
  1301 | D:2      | Reached XP level 5. HP: 21/46 MP: 5/5
  2009 | D:2      | Found a sparkling altar of Nemelex Xobeh.
  2201 | D:3      | Reached XP level 6. HP: 52/52 MP: 6/6
  2433 | D:3      | Found a hide-covered altar of Uskayaw.
  2581 | D:3      | Found a stormy altar of Qazlal.
  2938 | D:4      | Noticed VDreamerV's ghost (amateur OpTm)
  2950 | D:4      | Killed VDreamerV's ghost
  2967 | D:4      | Found a sand-covered staircase.
  3176 | D:4      | Found a shattered altar of Ashenzari.
  3260 | D:4      | Found a sparkling altar of Nemelex Xobeh.
  3631 | D:4      | Found a runed door.
  3635 | D:4      | Noticed Crazy Yiuf
  3671 | D:4      | Killed Crazy Yiuf
  3671 | D:4      | Reached XP level 7. HP: 48/58 MP: 5/7
  3796 | D:5      | Entered Level 5 of the Dungeon
  3808 | D:5      | Found a glowing silver altar of Zin.
  3844 | D:5      | Noticed Grinder
  3848 | D:5      | Paralysed by Grinder for 3 turns
  3871 | D:5      | Killed Grinder
  3871 | D:5      | Reached skill level 5 in Axes
  4096 | D:5      | Noticed Ijyb
  4109 | D:5      | Killed Ijyb
  4210 | D:5      | Found an ancient bone altar of Kikubaaqudgha.
  4211 | D:5      | Noticed Duvessa
  4212 | D:5      | Noticed Dowan
  4212 | D:5      | Found a stormy altar of Qazlal.
  4212 | D:5      | Found a white marble altar of Elyvilon.
  4214 | D:5      | Found a sacrificial altar of Ru.
  4214 | D:5      | Found a shimmering altar of Xom.
  4214 | D:5      | Found a sacrificial altar of Ru.
  4229 | D:5      | Killed Dowan
  4230 | D:5      | Killed Duvessa
  4230 | D:5      | Reached skill level 5 in Armour
  4553 | D:5      | Found a staircase to the Ecumenical Temple.
  4572 | Temple   | Entered the Ecumenical Temple
  4738 | Temple   | Became a worshipper of Warmaster Okawaru
  4832 | D:5      | Reached skill level 5 in Shields
  4832 | D:5      | Reached XP level 8. HP: 60/66 MP: 8/8
  5085 | D:6      | Found Gaos Vevo's General Store.
  5090 | D:6      | Bought a scroll of identify for 22 gold pieces
  5106 | D:6      | Found Seaxuxy's Distillery.
  5118 | D:6      | Bought a potion of heal wounds for 70 gold pieces
  5118 | D:6      | Bought a potion of heal wounds for 70 gold pieces
  5148 | D:6      | Reached skill level 1 in Invocations
  5267 | D:6      | Found Ucla's Gadget Shop.
  6152 | D:6      | Reached skill level 5 in Fighting
  6324 | D:7      | Found Lotynoy's Armour Boutique.
  6504 | D:7      | Reached * piety under Okawaru
  6551 | D:7      | Reached XP level 9. HP: 72/74 MP: 12/12
  6590 | D:7      | Got a spiked scale mail
  6601 | D:7      | Identified the +6 scale mail "Rismei" {rN+ Slay+5 Stlth+} (You found it on level 7 of the Dungeon)
  6788 | D:7      | Reached skill level 5 in Invocations
  6865 | D:7      | Reached ** piety under Okawaru
  7733 | D:8      | Found a huge runed gate.
  7733 | D:8      | Found a huge runed gate.
  7733 | D:8      | Found a huge runed gate.
  7733 | D:8      | Found a huge runed gate.
  7733 | D:8      | Noticed a polar bear
  7733 | D:8      | Noticed a manticore
  7733 | D:8      | Noticed a polar bear
  7734 | D:8      | Noticed a manticore
  8065 | D:8      | Reached XP level 10. HP: 74/86 MP: 14/14
  8266 | D:9      | Reached *** piety under Okawaru
  8588 | D:9      | Found a staircase to the Orcish Mines.
  8740 | D:9      | Found a sacrificial altar of Ru.
  8799 | D:9      | Received a gift from Okawaru
  8868 | D:9      | Found a staircase to the Lair.
  9241 | Lair:1   | Entered Level 1 of the Lair of Beasts
  9256 | Lair:1   | Noticed a black mamba
  9268 | Lair:1   | Killed a black mamba
  9268 | Lair:1   | Reached skill level 4 in Throwing
  9578 | Lair:1   | Noticed Joseph
  9588 | Lair:1   | Reached skill level 10 in Axes
  9602 | Lair:1   | Killed Joseph
  9629 | Lair:1   | Noticed a spiny frog
  9630 | Lair:1   | Found the +3 robe of Folly {Archmagi, MR-- Int+5}
  9653 | Lair:1   | Killed a spiny frog
  9657 | Lair:1   | Reached **** piety under Okawaru
  9942 | D:7      | Bought the +1 pair of gloves of Gunoen {+Inv rPois} for 387 gold pieces
 10062 | D:10     | Entered Level 10 of the Dungeon
 10273 | D:10     | Found a runed door.
 10315 | D:10     | Killed an unseen horror
 10315 | D:10     | Reached skill level 5 in Throwing
 10315 | D:10     | Reached XP level 11. HP: 67/97 MP: 16/16
 10438 | D:10     | Found a basalt altar of Yredelemnul.
 11317 | Lair:1   | Received a gift from Okawaru
 11790 | Lair:1   | Reached ***** piety under Okawaru
 12311 | Lair:1   | Noticed a five-headed hydra
 12316 | Lair:1   | Killed a five-headed hydra
 12316 | Lair:1   | Reached skill level 10 in Fighting
 12597 | Lair:2   | Reached skill level 6 in Throwing
 12601 | Lair:2   | Reached skill level 10 in Armour
 12675 | Lair:2   | Noticed a five-headed hydra
 12682 | Lair:2   | Killed a five-headed hydra
 12707 | Lair:2   | Noticed a wolf spider
 12724 | Lair:1   | Killed a wolf spider
 12724 | Lair:1   | Received a gift from Okawaru
 13250 | Lair:2   | Reached XP level 12. HP: 91/108 MP: 15/17
 13461 | Lair:2   | Found a staircase to the Snake Pit.
 13484 | Lair:2   | Received a gift from Okawaru
 13489 | Lair:2   | Got a slimy broad axe {god gift}
 13495 | Lair:2   | Identified the +4 broad axe "Dol Vinnugg" {vamp, +Fly MR+} (Okawaru gifted it to you on level 2 of the Lair of Beasts)
 13696 | Lair:2   | Reached skill level 7 in Throwing
 14311 | Lair:3   | Found a staircase to the Swamp.
 14348 | Lair:3   | Reached ****** piety under Okawaru
 14361 | Lair:3   | Noticed a six-headed hydra
 14368 | Lair:3   | Killed a six-headed hydra
 14513 | Lair:3   | Reached skill level 8 in Throwing
 14515 | Lair:3   | Received a gift from Okawaru
 14525 | Lair:3   | Got a blackened cloak {god gift}
 14528 | Lair:3   | Reached XP level 13. HP: 118/118 MP: 18/18
 14539 | Lair:3   | Identified the +0 cloak "Puymisk" {*Corrode rF++ Str+5} (Okawaru gifted it to you on level 3 of the Lair of Beasts)
 15756 | Lair:4   | Reached skill level 1 in Evocations
 16060 | Lair:4   | Identified a scroll of acquirement
 16588 | Lair:5   | Received a gift from Okawaru
 17061 | Lair:6   | Entered Level 6 of the Lair of Beasts
 17188 | Lair:6   | Reached XP level 14. HP: 129/129 MP: 16/19
 17200 | Lair:6   | Reached skill level 5 in Evocations
 17423 | Lair:6   | Found a staircase to the Slime Pits.
 17429 | Lair:6   | Noticed Nessos
 17431 | Lair:6   | Reached skill level 15 in Axes
 17445 | Lair:6   | Killed Nessos
 17524 | Lair:6   | Noticed an entropy weaver
 17529 | Lair:6   | Killed an entropy weaver
 17534 | Lair:6   | Noticed an entropy weaver
 17550 | Lair:6   | Killed an entropy weaver
 17550 | Lair:6   | Received a gift from Okawaru
 18024 | Lair:6   | Reached skill level 9 in Throwing
 18821 | D:11     | Received a gift from Okawaru
 18916 | D:11     | Noticed TheNamelessOne's ghost (journeyman OpEE)
 18929 | D:11     | Killed TheNamelessOne's ghost
 18929 | D:11     | Received a gift from Okawaru
 18931 | D:11     | Noticed Maurice
 18953 | D:11     | Killed Maurice
 19017 | D:11     | Reached XP level 15. HP: 139/139 MP: 18/20
 19155 | D:11     | Noticed Fannar
 19173 | D:11     | Killed Fannar
 19343 | D:11     | Found Oxtil's Magic Scroll Boutique.
 19354 | D:11     | Bought a scroll of teleportation for 45 gold pieces
 19354 | D:11     | Bought a scroll of identify for 30 gold pieces
 19783 | D:12     | Received a gift from Okawaru
 19908 | D:12     | Noticed Urug
 19920 | D:12     | Killed Urug
 20453 | D:13     | Reached skill level 10 in Throwing
 20719 | D:13     | Received a gift from Okawaru
 20720 | D:13     | Reached skill level 15 in Fighting
 20799 | D:13     | Reached skill level 10 in Shields
 20808 | D:13     | Noticed Frances
 20822 | D:13     | Killed Frances
 20906 | D:13     | Noticed Sonja
 20929 | D:13     | Killed Sonja
 21281 | Orc:1    | Entered Level 1 of the Orcish Mines
 21484 | Orc:2    | Entered Level 2 of the Orcish Mines
 21637 | Orc:2    | Found a roughly hewn altar of Beogh.
 22524 | Orc:2    | Found a roughly hewn altar of Beogh.
 22593 | Orc:2    | Found a roughly hewn altar of Beogh.
 22604 | Orc:2    | Found Hawuf's Distillery.
 22629 | Orc:2    | Bought a potion of heal wounds for 65 gold pieces
 22678 | Orc:2    | Found Toraam's Magic Scroll Boutique.
 22687 | Orc:2    | Bought a scroll of identify for 20 gold pieces
 22737 | Orc:2    | Found a staircase to the Elven Halls.
 22912 | Orc:2    | Noticed Saint Roka
 22942 | Orc:2    | Killed Saint Roka
 22956 | Orc:2    | Found Jefet's Antique Armour Shoppe.
 22958 | Orc:2    | Found a roughly hewn altar of Beogh.
 23029 | Orc:2    | Found Unnounge's Antique Weapon Emporium.
 23050 | Orc:2    | Bought a pair of glowing boots for 247 gold pieces
 23060 | Orc:2    | Identified a +1 pair of boots of running (You bought it in a shop on level 2 of the Orcish Mines)
 23162 | Orc:2    | Found a roughly hewn altar of Beogh.
 23424 | Orc:2    | Found a roughly hewn altar of Beogh.
 23446 | Orc:2    | Found Zeorch Eseicw's General Store.
 23866 | D:14     | Reached XP level 16. HP: 144/149 MP: 21/21
 23901 | D:14     | Found a gate to the Vaults.
 23960 | D:14     | Received a gift from Okawaru
 24584 | D:7      | Bought +0 pearl dragon scales for 1400 gold pieces
 24777 | D:15     | Entered Level 15 of the Dungeon
 25133 | D:15     | Noticed Agnes
 25143 | D:15     | Killed Agnes
 25143 | D:15     | Reached skill level 5 in Dodging
 25350 | D:15     | Reached skill level 11 in Throwing
 25621 | D:15     | Received a gift from Okawaru
 25736 | D:15     | Found a staircase to the Depths.
 25864 | D:15     | Received a gift from Okawaru
 26466 | Swamp:1  | Entered Level 1 of the Swamp
 26920 | Swamp:1  | Received a gift from Okawaru
 27743 | Swamp:2  | Received a gift from Okawaru
 27819 | Swamp:2  | You fall through a shaft!
 27838 | Swamp:3  | Received a gift from Okawaru
 27843 | Swamp:3  | Got a fine plate armour {god gift}
 27844 | Swamp:3  | Identified the +1 plate armour of Polytheism {*Contam +Inv rElec} (Okawaru gifted it to you on level 3 of the Swamp)
 29462 | Swamp:3  | Reached XP level 17. HP: 117/159 MP: 22/22
 30211 | Swamp:3  | Reached skill level 15 in Armour
 30542 | Swamp:4  | Entered Level 4 of the Swamp
 30652 | Swamp:4  | Received a gift from Okawaru
 30767 | Swamp:4  | Reached skill level 12 in Throwing
 31029 | Swamp:4  | Received a gift from Okawaru
 31032 | Swamp:4  | Got a crystal hand axe {god gift}
 31033 | Swamp:4  | Identified the +6 hand axe of the People {protect, Dex+3} (Okawaru gifted it to you on level 4 of the Swamp)
 31738 | Swamp:4  | Noticed the 27-headed Lernaean hydra
 31750 | Swamp:4  | Killed the 21-headed Lernaean hydra
 31761 | Swamp:4  | Got a decaying rune of Zot
 32200 | Snake:1  | Entered Level 1 of the Snake Pit
 32225 | Snake:1  | Got a scorched golden ring
 32232 | Snake:1  | Identified the ring "Foal" {-Tele rElec Str+2 Int+4 SInv} (You found it on level 1 of the Snake Pit)
 32682 | Snake:1  | Noticed Aizul
 32702 | Snake:1  | Killed Aizul
 33130 | Snake:1  | Reached XP level 18. HP: 134/170 MP: 16/23
 33174 | Snake:1  | Received a gift from Okawaru
 34180 | Snake:2  | Found a frozen archway.
 34186 | Snake:2  | Received a gift from Okawaru
 34191 | IceCv    | Entered an ice cave
 34450 | IceCv    | Received a gift from Okawaru
 34651 | IceCv    | Noticed an Ice Fiend
 34661 | IceCv    | Killed an Ice Fiend
 34663 | IceCv    | Got a blackened hand axe
 34748 | IceCv    | Identified the +5 hand axe of Wauhaske {flame, MP+9 SInv} (You found it in an ice cave)
 35936 | Snake:3  | Received a gift from Okawaru
 36319 | Snake:3  | Received a gift from Okawaru
 36650 | Snake:4  | Entered Level 4 of the Snake Pit
 37123 | Snake:4  | Reached skill level 13 in Throwing
 37735 | Snake:4  | Reached XP level 19. HP: 177/179 MP: 17/24
 37763 | Snake:4  | Noticed Nikola
 37923 | Snake:4  | Received a gift from Okawaru
 38879 | Snake:4  | Killed Nikola
 38879 | Snake:4  | Received a gift from Okawaru
 38934 | Snake:4  | Got a serpentine rune of Zot
 39440 | Vaults:1 | Entered Level 1 of the Vaults
 39812 | Vaults:1 | Received a gift from Okawaru
 39871 | Vaults:1 | Received a gift from Okawaru
 40282 | Vaults:1 | Received a gift from Okawaru
 40282 | Vaults:1 | Reached skill level 14 in Throwing
 40441 | Vaults:1 | Reached XP level 20. HP: 155/191 MP: 22/25
 40617 | Vaults:1 | Received a gift from Okawaru
 41187 | Vaults:2 | Received a gift from Okawaru
 41698 | Vaults:2 | Received a gift from Okawaru
 41874 | Vaults:2 | Found the +3 salamander hide armour {+Rage rF++}
 42188 | Vaults:2 | Found a staircase to the Crypt.
 42868 | Vaults:3 | Received a gift from Okawaru
 42882 | Vaults:3 | Reached skill level 15 in Shields
 43083 | Vaults:3 | Received a gift from Okawaru
 43589 | Vaults:3 | Received a gift from Okawaru
 44044 | Vaults:3 | Found a radiant altar of Vehumet.
 44075 | Vaults:3 | Received a gift from Okawaru
 44078 | Vaults:3 | Got a shimmering hat
 44089 | Vaults:3 | Identified the +2 hat of the Wasteland {-Tele rElec rF++ SInv} (You found it on level 3 of the Vaults)
 44253 | Vaults:3 | Received a gift from Okawaru
 44288 | Vaults:3 | Reached skill level 15 in Throwing
 44288 | Vaults:3 | Reached XP level 21. HP: 201/201 MP: 26/26
 44765 | Vaults:4 | Noticed Xtahua
 44781 | Vaults:4 | Killed Xtahua
 44781 | Vaults:4 | Received a gift from Okawaru
 44788 | Vaults:4 | Paralysed by a great orb of eyes for 5 turns
 45854 | Vaults:4 | Found a snail-covered altar of Cheibriados.
 45899 | Vaults:4 | Reached skill level 16 in Throwing
 46330 | Depths:1 | Entered Level 1 of the Depths
 46362 | Depths:1 | Found a one-way gate to the infinite horrors of the Abyss.
 46391 | Depths:1 | Received a gift from Okawaru
 46551 | Depths:1 | Found a gateway to a ziggurat.
 46562 | Depths:1 | Noticed Margery
 46575 | Depths:1 | Received a gift from Okawaru
 46639 | Depths:1 | Killed Margery
 46799 | Depths:1 | Found a gateway to Hell.
 46945 | Depths:1 | Found Ninan's Jewellery Shoppe.
 46945 | Depths:1 | Found Qocvaogoj's Gadget Boutique.
 46946 | Depths:1 | Found Wajaam's Jewellery Shoppe.
 46951 | Depths:1 | Bought the amulet "Aseo" {Reflect rF+ Int+3 Slay+3 SH+3} for 874 gold pieces
 46983 | Depths:1 | Bought an uncursed ring of resist corrosion for 360 gold pieces
 46985 | Depths:1 | Bought a wand of iceblast (6) for 190 gold pieces
 47300 | Depths:2 | Reached XP level 22. HP: 166/211 MP: 27/27
 48079 | Depths:2 | Reached skill level 17 in Throwing
 48129 | Depths:2 | Received a gift from Okawaru
 48220 | Depths:2 | Found Xudem's Antique Armour Shoppe.
 48344 | Depths:3 | Paralysed by an ogre mage for 6 turns
 48439 | Depths:3 | Found a one-way gate leading to the halls of Pandemonium.
 49126 | Depths:3 | Noticed Mennas
 49198 | Depths:3 | Killed Mennas
 49198 | Depths:3 | Received a gift from Okawaru
 49198 | Depths:3 | Reached XP level 23. HP: 144/221 MP: 28/28
 49858 | Depths:3 | Reached skill level 18 in Throwing
 50251 | Depths:3 | Received a gift from Okawaru
 50604 | Depths:4 | Received a gift from Okawaru
 50764 | Depths:4 | Noticed Frederick
 50800 | Depths:4 | Killed Frederick
 50809 | Depths:4 | Noticed a juggernaut
 50819 | Depths:4 | Killed a juggernaut
 50970 | Depths:4 | Found a corrupted altar of Lugonu.
 51188 | Depths:4 | Reached skill level 19 in Throwing
 51279 | Depths:4 | Noticed a golden dragon
 51294 | Depths:4 | Killed a golden dragon
 51659 | Depths:4 | Reached XP level 24. HP: 193/233 MP: 28/28
 51667 | Depths:4 | Found the amulet of the Air {Inacc +Fly rElec EV+5 RMsl}
 51874 | Depths:5 | Entered Level 5 of the Depths
 52049 | Depths:5 | Found a gate to the Realm of Zot.
 52213 | Depths:5 | Got a wavering silver ring
 52216 | Depths:5 | Identified the ring of Awe {Fire MR+} (You found it on level 5 of the Depths)
 52356 | Depths:5 | Received a gift from Okawaru
 52394 | Depths:5 | Noticed a juggernaut
 52412 | Depths:5 | Noticed a caustic shrike
 52429 | Depths:5 | Killed a caustic shrike
 52439 | Depths:5 | Killed a juggernaut
 52439 | Depths:5 | Received a gift from Okawaru
 52584 | Depths:5 | Found Tymiapt's Weapon Shoppe.
 52703 | Depths:5 | Received a gift from Okawaru
 52737 | Depths:5 | Got an ancient chain mail {god gift}
 52738 | Depths:5 | Identified the +1 chain mail "Butwacwao" {*Contam Str+3 Dex+3} (Okawaru gifted it to you on level 5 of the Depths)
 52893 | Depths:5 | Reached skill level 10 in Dodging
 52974 | Depths:5 | Cast into level 2 of the Abyss (hell knight)
 53023 | Abyss:2  | Found a corrupted altar of Lugonu.
 53028 | Abyss:2  | Noticed an ancient lich
 53041 | Abyss:2  | Killed an ancient lich
 53041 | Abyss:2  | Reached skill level 20 in Throwing
 53049 | Abyss:2  | Gained mutation: You are frail. (-10% HP) [a neqoxec]
 53620 | Abyss:2  | Received a gift from Okawaru
 53625 | Depths:5 | Escaped the Abyss
 53849 | Depths:5 | Got a flickering silver ring
 53885 | Depths:5 | Identified the ring "Seuddip" {rCorr rN+ Int+6} (You found it on level 5 of the Depths)
 54012 | Depths:5 | Got a scintillating copper ring
 54014 | Depths:5 | Identified the ring "Xaehirun" {MR+ Int+2} (You found it on level 5 of the Depths)
 54116 | Depths:5 | Received a gift from Okawaru
 54134 | Depths:5 | Found Tebryluq's Book Boutique.
 54241 | Depths:5 | Reached XP level 25. HP: 218/218 MP: 22/28
 54673 | Slime:1  | Entered Level 1 of the Pits of Slime
 54685 | Slime:1  | Gained mutation: Your magical capacity is low. (-10% MP) [a shining eye]
 55132 | Slime:2  | Received a gift from Okawaru
 55326 | Slime:3  | Noticed Dissolution
 55342 | Slime:3  | Killed Dissolution
 55342 | Slime:3  | Received a gift from Okawaru
 55532 | Slime:3  | Received a gift from Okawaru
 55585 | Slime:5  | Entered Level 5 of the Pits of Slime
 55679 | Slime:5  | Received a gift from Okawaru
 55679 | Slime:5  | Reached skill level 21 in Throwing
 55701 | Slime:5  | Found a viscous altar of Jiyva.
 55701 | Slime:5  | Noticed the Royal Jelly
 55750 | Slime:5  | Killed the Royal Jelly
 55808 | Slime:5  | Identified the Disquisition on Flames and Conjuration
 55813 | Slime:5  | Got a slimy rune of Zot
 55953 | Slime:5  | Got an ichor-stained war axe
 55961 | Slime:5  | Identified the +5 war axe of the Battered Deaths {flame, +Blink rN+} (You found it on level 5 of the Pits of Slime)
 56060 | Slime:3  | Gained mutation: Your spells are a little easier to cast, but a little less powerful. [a shining eye]
 56090 | Slime:2  | Lost mutation: Your magical capacity is low. (-10% MP) [potion of mutation]
 56090 | Slime:2  | Lost mutation: Your spells are a little easier to cast, but a little less powerful. [potion of mutation]
 56090 | Slime:2  | Lost mutation: You are frail. (-10% HP) [potion of mutation]
 56090 | Slime:2  | Gained mutation: Your magical capacity is low. (-10% MP) [potion of mutation]
 56090 | Slime:2  | Gained mutation: You are partially covered in iridescent scales. (AC +2) [potion of mutation]
 56390 | Elf:1    | Entered Level 1 of the Elven Halls
 57518 | Elf:2    | Found a runed gate.
 57518 | Elf:2    | Found a runed gate.
 57518 | Elf:2    | Found a runed gate.
 57723 | Elf:2    | Found Zumeoliwy's Distillery.
 57732 | Elf:2    | Bought a potion of resistance for 190 gold pieces
 57732 | Elf:2    | Bought a potion of haste for 190 gold pieces
 57732 | Elf:2    | Bought a potion of curing for 57 gold pieces
 57732 | Elf:2    | Bought a potion of curing for 57 gold pieces
 57732 | Elf:2    | Bought a potion of agility for 76 gold pieces
 57732 | Elf:2    | Bought a potion of heal wounds for 95 gold pieces
 57732 | Elf:2    | Bought 2 potions of agility for 152 gold pieces
 57759 | Elf:2    | Received a gift from Okawaru
 57759 | Elf:2    | Reached XP level 26. HP: 253/253 MP: 25/25
 57949 | Elf:2    | Found a portal to a secret trove of treasure.
 58112 | Elf:3    | Entered Level 3 of the Elven Halls
 58220 | Elf:3    | Noticed Roxanne
 58233 | Elf:3    | Killed Roxanne
 58243 | Elf:3    | Noticed Bai Suzhen
 58254 | Elf:3    | Killed Bai Suzhen
 58932 | Elf:3    | Reached skill level 22 in Throwing
 59092 | Elf:3    | Received a gift from Okawaru
 59149 | Elf:3    | Received a gift from Okawaru
 59256 | Elf:3    | Got a fine sapphire amulet
 59257 | Elf:3    | Identified the amulet of Icrit {Acrobat Str+2} (You took it off a deep elf knight on level 3 of the Elven Halls)
 59347 | Elf:3    | Identified Sif Muna's Almanac of the Rocks and Malediction
 59425 | Elf:3    | Found the -2 hat of the Alchemist {rElec rPois rF+ rC+ rN+ MR+ rMut rCorr}
 60074 | Depths:1 | Bought an uncursed ring of see invisible for 195 gold pieces
 60199 | Zot:1    | Entered Level 1 of the Realm of Zot
 60314 | Zot:1    | Noticed p0werm0de's ghost (adept DDFi)
 60319 | Zot:1    | Received a gift from Okawaru
 60359 | Zot:1    | Killed p0werm0de's ghost
 60532 | Zot:1    | Received a gift from Okawaru
 60835 | Zot:1    | Received a gift from Okawaru
 60991 | Zot:1    | Noticed an orb of fire
 60998 | Zot:1    | Killed an orb of fire
 61458 | Zot:2    | Reached skill level 23 in Throwing
 61479 | Zot:2    | Reached XP level 27. HP: 260/265 MP: 21/25
 61481 | Zot:2    | Received a gift from Okawaru
 63944 | Zot:4    | Found a transporter.
 63988 | Zot:4    | Reached skill level 24 in Throwing
 64018 | Zot:4    | Received a gift from Okawaru
 64302 | Zot:4    | Received a gift from Okawaru
 64435 | Zot:4    | Found a transporter.
 64494 | Zot:4    | Received a gift from Okawaru
 64700 | Zot:5    | Entered Level 5 of the Realm of Zot
 65890 | Zot:5    | Noticed an ancient lich
 65891 | Zot:5    | Noticed an ancient lich
 65891 | Zot:5    | Noticed an orb of fire
 65904 | Zot:5    | Gained mutation: Your magical capacity is very low. (-20% MP) [an orb of fire]
 65906 | Zot:5    | Killed an orb of fire
 65906 | Zot:5    | Received a gift from Okawaru
 65911 | Zot:5    | Killed an ancient lich
 65911 | Zot:5    | Received a gift from Okawaru
 65916 | Zot:5    | Killed an ancient lich
 65922 | Zot:5    | Received a gift from Okawaru
 65935 | Zot:5    | Reached skill level 25 in Throwing
 65961 | Zot:5    | Noticed an ancient lich
 65964 | Zot:5    | Killed an ancient lich
 65966 | Zot:5    | Noticed an orb of fire
 65966 | Zot:5    | Gained mutation: Scrolls take you a little longer to read. [an orb of fire]
 65970 | Zot:5    | Killed an orb of fire
 65970 | Zot:5    | Received a gift from Okawaru
 66137 | Zot:5    | Noticed an orb of fire
 66138 | Zot:5    | Noticed an ancient lich
 66140 | Zot:5    | Killed an orb of fire
 66147 | Zot:5    | Killed an ancient lich
 66201 | Zot:5    | Reached skill level 26 in Throwing
 66288 | Zot:5    | Noticed an ancient lich
 66292 | Zot:5    | Killed an ancient lich
 66292 | Zot:5    | Received a gift from Okawaru
 66725 | Crypt:1  | Entered Level 1 of the Crypt
 66833 | Crypt:1  | Received a gift from Okawaru
 67380 | Crypt:1  | Got a shimmering crystal amulet
 67524 | Crypt:1  | Found a basalt altar of Yredelemnul.
 67844 | Crypt:2  | Identified the amulet of the Philosopher {+Rage rF- Dex+6} (You took it off a vampire knight on level 1 of the Crypt)
 68461 | Crypt:2  | Found a burning altar of Makhleb.
 68472 | Crypt:2  | Reached skill level 27 in Throwing
 69150 | Zot:5    | Got the Orb of Zot
 69393 | Depths:2 | Noticed Jily Tab the pandemonium lord
 69440 | Depths:2 | Noticed Nuxah the pandemonium lord
 69466 | Depths:2 | Killed Nuxah the pandemonium lord
 69564 | D:13     | Gained mutation: Armour fits poorly on your strangely shaped body. [a cacodemon]
 69590 | D:12     | Lost mutation: Scrolls take you a little longer to read. [potion of mutation]
 69590 | D:12     | Lost mutation: Armour fits poorly on your strangely shaped body. [potion of mutation]
 69590 | D:12     | Lost mutation: Your magical capacity is very low. (-20% MP) [potion of mutation]
 69590 | D:12     | Lost mutation: Your magical capacity is low. (-10% MP) [potion of mutation]
 69590 | D:12     | Gained mutation: Your body sometimes deteriorates upon taking damage. [potion of mutation]
 69917 | D:$      | Escaped with the Orb!

Vault maps used:
D:1:      minmay_arrival_four_houses, minmay_misc_feat_secret_circle,
          hangedman_decor_peaks_small, hangedman_decor_clover_reticule
D:2:      first_ration, nemelex_dance_club_becter, uniq_sigmund
D:3:      grunt_qazlal_sundering, eat_drink_and_be_merry_uskayaw
D:4:      cheibrodos_ashenzari_chains, nemelex_xobeh_ov_fountains_minmay,
          enter_ossuary_4, kennysheep_cross_bottleneck, uniq_crazy_yiuf_cottage
D:5:      kennysheep_little_box, temple_statues, doesnt_xom_only_xom,
          uniq_grinder, uniq_duvessa, uniq_ijyb
D:6:      serial_shops, shop, shop, shop_fountains,
          hangedman_decor_diamond_cutter
D:7:      serial_undead, serial_undead_f, serial_undead_c, serial_undead_e,
          serial_undead_e, serial_undead_d, serial_undead_d, serial_undead_c,
          serial_undead_e, serial_undead_f, serial_undead_a, serial_shops,
          nicolae_shop_temple_entry_statues_fountains,
          lightli_bailey_entry_fortress
D:8:      lemuel_bear_cage
D:9:      nicolae_overflow_crystal_walls, lair_entry_dummy, orc_david_3,
          moated_statue, nrook_loot_triangle
D:10:     hangedman_fish_farm, dk_yredelemnul_ordeal
D:11:     serial_shops, shop, dk_vineyard_3, minivault_24, uniq_fannar,
          uniq_maurice
D:12:     uniq_urug
D:13:     uniq_sonja, uniq_frances
D:14:     david_vaults_5, minmay_crystal_water
D:15:     hangedman_depths_entry_civil_slaughter, minmay_misc_feat_chi,
          minmay_orc_keep, uniq_agnes
Temple:   regret_index_temple_sphere_string
Lair:1:   infiniplex_staircase_pool, grunt_megastairs_2, uniq_joseph
Lair:2:   minmay_lair_venomous_thicket, dummy_snake_entry, grunt_megastairs_3
Lair:3:   swamp_mist, minivault_24, grunt_forest_large_clearings
Lair:4:   lemuel_old_faithful, minmay_lair_oklob_chamber
Lair:5:   beast_lair_carwin_4
Lair:6:   evilmike_catoblepas_cave, slime_dummy, minmay_another_anthill,
          grunt_megastairs_5, uniq_nessos
Swamp:1:  serial_swamp_ruin, evilmike_swamp_ruin_house_1,
          evilmike_swamp_ruin_house_4
Swamp:2:  hangedman_swamp_ruin_wall, swamp_pool1, nicolae_swamp_little_tower,
          infiniplex_staircase_pool_2
Swamp:3:  cheibrodos_swamp_heart_of_darkness, nicolae_swamp_fairy_circle,
          swamp_pool4
Swamp:4:  grunt_swamp_rune_castle, swamp_pool1, hangedman_swamp_lotus
Snake:1:  spider_trap, nicolae_snake_serpentine_hallways, uniq_aizul
Snake:2:  portal_ice_cave_entry_pillars_1, hangedman_snake_corridor_cut
Snake:3:  hangedman_snake_pattern, eino_curves_01
Snake:4:  snake_pit, spider_trap, st_stairs_4, lemuel_fruit_tree, uniq_nikola
Slime:3:  nicolae_slime_jelly_donut, dissolution_awaits
Slime:4:  cheibrodos_slime_lost_civilization_6
Orc:1:    nicolae_orc_accident_1
Orc:2:    grunt_orc_community_town_hall, grunt_orc_community_big_house_1,
          grunt_orc_community_big_house_2, grunt_orc_community_house_1,
          grunt_orc_community_house_3, grunt_orc_community_house_2,
          grunt_orc_community_house_2, grunt_orc_community_house_1,
          grunt_orc_community_house_3, serial_shops, nicolae_shop_stone
Elf:1:    elf_arrival_001, hangedman_elf_disciples, laboratory
Elf:2:    enter_trove_0, serial_shops, shop, lemuel_elevator, uniq_asterion
Elf:3:    minmay_elf_hall_four_x, grunt_megastairs_1, uniq_roxanne,
          uniq_bai_suzhen
Vaults:1: vaults_mumra_minichess_inversion, nicolae_vaults_network_star,
          ontoclasm_vaults_idyll, hangedman_vaults_maws, hangedman_vaults_slice,
          nicolae_vaults_display_case, v_misc_12, nicolae_vaults_network_s,
          nicolae_vaults_little_squares_2, vaults_room_pool, v_alt_pattern_3
Vaults:2: v_alt_pattern_3, nicolae_vaults_little_squares_5, v_alt_pattern_5,
          minmay_crypt_entry_simple_statues, v_alt_pattern_1, v_alt_pattern_3,
          v_misc_13, v_misc_30
Vaults:3: v_misc_12, grunt_vaults_bifocal, nicolae_vaults_circle_grid_b,
          v_alt_pattern_1, nicolae_vaults_angled_halls, grunt_tower_of_power,
          hangedman_vaults_capsules, vaults_room_door_hall,
          nicolae_vaults_little_squares_5, hangedman_vaults_nails,
          nicolae_vaults_border_crossing, v_misc_17,
          ontoclasm_vaults_loading_screen, vaults_dpeg_cross, v_misc_29,
          vaults_dpeg_diagonal, ontoclasm_vaults_hangar
Vaults:4: nicolae_vaults_little_squares_5, hangedman_vaults_corner, v_misc_29,
          v_misc_22, hangedman_vaults_nails, v_pattern_5, vaults_mumra_hex,
          basic_altar, uniq_xtahua
Crypt:1:  hangedman_blasphemy, grunt_crypt_arrival_guarded_gate
Crypt:2:  glass_columns_a, lemuel_hellish_altar
Depths:1: enter_ziggurat_e, minmay_misc_feat_diagonals, abyss_entry,
          grunt_metal_band, serial_sigils_hangedman_quiver,
          minmay_protected_statue, minmay_shop_grove
Depths:2: hangedman_arrow_trap, hangedman_coc_ice_floe, abyss_entry_crystal,
          serial_shops, nicolae_shop_overgrown_old_shop, nicolae_wwwww,
          infiniplex_staircase_hallway_doors
Depths:3: nooodl_heptagram, pan_entry, kennysheep_boxes,
          grunt_hell_entry_dis_old, uniq_mennas
Depths:4: minmay_shrinking_squares, abyss_entry_flame_altar, hell_entry,
          uniq_frederick
Depths:5: hangedman_spin_cycle, abyss_entry, hell_entry
Zot:1:    grunt_ministairs_2, hangedman_hellfire_club
Zot:2:    kennysheep_blocky_room
Zot:3:    hangedman_zot_wheel_spokes
Zot:4:    gammafunk_its_a_trap
IceCv:    ice_cave_tombish

Skill      XL: |  1  2  3  4  5  6  7  8  9 10 11 12 13 14 15 16 17 18 19 20 21 22 23 24 25 26 27 |
---------------+----------------------------------------------------------------------------------+-----
Fighting       | 3 5 7 9 10 12 13 14 15 16 17 18 19 20 21 22 23 24 25 26 | 26.9
Armour         | 1 3 4 5 6 7 9 10 11 12 14 15 16 17 18 19 20 | 20.6
Axes           | 3 4 5 7 8 10 12 13 14 15 16 17 18 | 18.0
Shields        | 2 3 5 7 8 9 10 11 13 14 15 | 15.0
Invocations    | 4 6 7 |  7.1
Dodging        | 3 4 6 8 9 10 11 12 | 12.0
Throwing       | 5 6 8 9 10 11 12 13 14 15 16 17 19 20 21 23 27 | 27.0
Evocations     | 4 5 6 7 |  7.0
Stealth        | |  0.7

Action                   |  1- 3 |  4- 6 |  7- 9 | 10-12 | 13-15 | 16-18 | 19-21 | 22-24 | 25-27 || total
-------------------------+-------+-------+-------+-------+-------+-------+-------+-------+-------++-------
Melee: Short sword       |    70 |       |       |       |       |       |       |       |       ||    70
       Hand axe          |     6 |   155 |   504 |   356 |       |       |       |       |       ||  1021
       Flail             |       |       |       |    49 |       |       |       |       |       ||    49
       Broad axe         |       |       |       |   154 |  1193 |  1309 |  1465 |  1644 |  2119 ||  7884
Throw: Javelin           |     5 |     8 |    12 |    16 |    65 |   184 |    25 |    13 |   394 ||   722
       Throwing net      |       |     2 |       |     2 |       |       |       |       |       ||     4
       Tomahawk          |       |       |       |       |    21 |       |   168 |   136 |    80 ||   405
Invok: Heroism           |       |       |     3 |     9 |    22 |    37 |    31 |    36 |    53 ||   191
       Finesse           |       |       |       |     1 |     6 |    10 |    11 |    18 |    31 ||    77
 Abil: Evoke Invisibilit |       |       |       |       |       |       |     1 |       |     1 ||     2
Evoke: Wand              |       |       |       |       |    12 |     6 |    13 |     9 |    17 ||    57
  Use: Scroll            |       |     6 |    13 |     8 |    10 |    19 |     4 |     9 |    16 ||    85
       Potion            |       |       |     2 |     2 |     1 |     2 |     1 |     3 |    18 ||    29
 Stab: Sleeping          |     1 |       |       |       |     1 |       |       |       |       ||     2
       Distracted        |       |       |       |       |     2 |     1 |     2 |     1 |     1 ||     7
       Invisible         |       |       |       |       |       |       |       |       |     2 ||     2
  Eat: Chunk             |     1 |     8 |    11 |    15 |    17 |    10 |     6 |    17 |    14 ||    99
       Ration            |       |       |     1 |     3 |     4 |    12 |     8 |     2 |    14 ||    44
Armor: Leather armour    |     6 |       |       |       |       |       |       |       |       ||     6
       Robe              |     4 |       |       |       |       |       |       |       |       ||     4
       Chain mail        |    20 |    74 |   116 |       |       |       |       |       |       ||   210
       Scale mail        |       |       |    55 |   182 |   161 |       |       |       |       ||   398
       Fire dragon scale |       |       |       |       |   188 |       |       |       |       ||   188
       Plate armour      |       |       |       |       |    47 |    12 |       |       |       ||    59
       Pearl dragon scal |       |       |       |       |       |   533 |   420 |   451 |   565 ||  1969
Dodge: Dodged            |    40 |    47 |   110 |   157 |   325 |   494 |   437 |   497 |   759 ||  2866
Block: Buckler           |     3 |    34 |    29 |       |       |       |       |       |       ||    66
       Shield            |       |       |   137 |   334 |   757 |   915 |   884 |  1119 |  1344 ||  5490
       Reflection        |       |       |       |       |       |       |     3 |    51 |    50 ||   104

Table legend:
 A = Spawn XP
 B = Non-spawn XP
 C = Spawn XP percentage of total XP
 D = Spawn monster count
 E = Non-spawn monster count
 F = Spawn count percentage of total count
 G = Total turns spent on level
                    A         B        C        D         E        F      G
               +---------+---------+-------+---------+---------+-------+---------
         Total |   13159 | 1639158 |   0.8 |      21 |    2480 |   0.8 | 69917
               +---------+---------+-------+---------+---------+-------+---------
           D:1 |       0 |      41 |   0.0 |       0 |      25 |   0.0 |  1285
           D:2 |       0 |     269 |   0.0 |       0 |      13 |   0.0 |   918
           D:3 |       0 |      51 |   0.0 |       0 |      22 |   0.0 |   817
           D:4 |       0 |     272 |   0.0 |       0 |       9 |   0.0 |   883
           D:5 |       0 |     576 |   0.0 |       0 |      12 |   0.0 |  1053
           D:6 |       0 |     775 |   0.0 |       0 |      26 |   0.0 |  1339
           D:7 |       0 |    1790 |   0.0 |       0 |      53 |   0.0 |  1597
           D:8 |       0 |    1050 |   0.0 |       0 |      32 |   0.0 |   604
           D:9 |       0 |    1406 |   0.0 |       0 |      23 |   0.0 |  1579
          D:10 |       0 |    1598 |   0.0 |       0 |      12 |   0.0 |  1194
          D:11 |       0 |    7759 |   0.0 |       0 |      47 |   0.0 |  1149
          D:12 |       0 |   10587 |   0.0 |       0 |      49 |   0.0 |  1002
          D:13 |       0 |   12301 |   0.0 |       0 |      36 |   0.0 |   876
          D:14 |       0 |    6642 |   0.0 |       0 |      24 |   0.0 |  1081
          D:15 |       0 |   18095 |   0.0 |       0 |      46 |   0.0 |  1584
        Lair:1 |       0 |    6843 |   0.0 |       0 |      27 |   0.0 |  2632
        Lair:2 |       0 |    8686 |   0.0 |       0 |      45 |   0.0 |  1417
        Lair:3 |       0 |   11614 |   0.0 |       0 |      58 |   0.0 |  1212
        Lair:4 |       0 |    2410 |   0.0 |       0 |       9 |   0.0 |   850
        Lair:5 |       0 |   12929 |   0.0 |       0 |      48 |   0.0 |  1015
        Lair:6 |       0 |   35685 |   0.0 |       0 |      93 |   0.0 |  1736
       Swamp:1 |       0 |    9347 |   0.0 |       0 |      28 |   0.0 |  1502
       Swamp:2 |       0 |   14775 |   0.0 |       0 |      42 |   0.0 |  1156
       Swamp:3 |       0 |   15298 |   0.0 |       0 |      43 |   0.0 |  1470
       Swamp:4 |       0 |   36384 |   0.0 |       0 |      67 |   0.0 |  1527
       Snake:1 |       0 |   21836 |   0.0 |       0 |      48 |   0.0 |  1261
       Snake:2 |       0 |   17659 |   0.0 |       0 |      43 |   0.0 |  1335
       Snake:3 |       0 |   20854 |   0.0 |       0 |      37 |   0.0 |  1132
       Snake:4 |       0 |   54916 |   0.0 |       0 |      85 |   0.0 |  2547
       Slime:1 |       0 |   11768 |   0.0 |       0 |      19 |   0.0 |   149
       Slime:2 |       0 |   12096 |   0.0 |       0 |      27 |   0.0 |   361
       Slime:3 |       0 |   21976 |   0.0 |       0 |      16 |   0.0 |   303
       Slime:4 |       0 |    2921 |   0.0 |       0 |       3 |   0.0 |    66
       Slime:5 |       0 |   41736 |   0.0 |       0 |      29 |   0.0 |   394
         Orc:1 |       0 |    4077 |   0.0 |       0 |      40 |   0.0 |   788
         Orc:2 |       0 |   10099 |   0.0 |       0 |      93 |   0.0 |  1452
         Elf:1 |       0 |   26835 |   0.0 |       0 |      48 |   0.0 |  1070
         Elf:2 |       0 |   25482 |   0.0 |       0 |      43 |   0.0 |   735
         Elf:3 |       0 |   74239 |   0.0 |       0 |      69 |   0.0 |  1629
      Vaults:1 |       0 |   54276 |   0.0 |       0 |      73 |   0.0 |  1703
      Vaults:2 |       0 |   39047 |   0.0 |       0 |      67 |   0.0 |  1973
      Vaults:3 |       0 |   57410 |   0.0 |       0 |      77 |   0.0 |  1866
      Vaults:4 |       0 |   53154 |   0.0 |       0 |      61 |   0.0 |  1477
       Crypt:1 |       0 |   38046 |   0.0 |       0 |      62 |   0.0 |  1162
       Crypt:2 |       0 |   20711 |   0.0 |       0 |      38 |   0.0 |   831
      Depths:1 |       0 |   27477 |   0.0 |       0 |      33 |   0.0 |   977
      Depths:2 |       0 |   62880 |   0.0 |       0 |      73 |   0.0 |  1432
      Depths:3 |       0 |  107914 |   0.0 |       0 |     100 |   0.0 |  2293
      Depths:4 |       0 |   77399 |   0.0 |       0 |      84 |   0.0 |  1418
      Depths:5 |       0 |  108321 |   0.0 |       0 |      97 |   0.0 |  1849
         Zot:1 |       0 |   61340 |   0.0 |       0 |      40 |   0.0 |  1378
         Zot:2 |       0 |   58371 |   0.0 |       0 |      31 |   0.0 |  1566
         Zot:3 |       0 |   25525 |   0.0 |       0 |      16 |   0.0 |   881
         Zot:4 |       0 |   66336 |   0.0 |       0 |      40 |   0.0 |  1049
         Zot:5 |       0 |  192176 |   0.0 |       0 |      54 |   0.0 |  1763
       Abyss:2 |   13159 |   14807 |  47.1 |      21 |      18 |  53.8 |   651
         IceCv |       0 |   10291 |   0.0 |       0 |      27 |   0.0 |   768
               +---------+---------+-------+---------+---------+-------+---------
